cohdb
Replays
Latest Replays
All Replays
Popular Replays
Top Player Replays
Match Explorer
How It Works
Community
CoH3 Stats
Reddit
Sign in to upload your games and track your stats! →
Sign in with Steam
Crazy game for casters !
Match 45602649
Overview
Messages
Build Orders
End
Pioneer Squad
Selects Italian Coastal Battlegroup
Selects Coastal Reserves
Coastal Reserve
Coastal Reserve
Coastal Reserve
Coastal Reserve
Construct Infanterie Kompanie
Selects Artillery Officer
Construct Luftwaffe Kompanie
Medical Bunker
Flak 30 Anti-aircraft Gun Team
Selects Coastal Wall
Jäger Squad
Flak 30 Anti-aircraft Gun Team
Selects Designate Defensive Line
Construct Panzer Kompanie
MG 42 Machine Gun Team
Panzer IV Medium Tank
Selects Rapid Fortifications
Selects Bulwark
Artillery Officer
Support Elements
Panzer IV Medium Tank
Panzer IV Medium Tank
Marder III M Tank Destroyer
Marder III M Tank Destroyer
Hanwoomul
DexN
0
0
Comments
sign in to comment!
Permadeaf
about 1 month ago
Amazing game!